 Dungeon Crawl Stone Soup version 0.28-a0-802-g09f76e8c00 (webtiles) character file.

Game seed: 4475435976869690151

22 kae the Caller (level 2, -7/15 HPs)
             Began as a Tengu Summoner on Nov 6, 2021.
             Killed by nerve-wracking pain
             ... invoked by Jessica
              (12 damage)
             ... on level 2 of the Dungeon.
             The game lasted 00:00:57 (1457 turns).

kae the Caller (Tengu Summoner)                     Turns: 1457, Time: 00:00:58

Health: -7/15      AC:  2    Str:  8    XL:     2   Next: 91%
Magic:  3/6        EV: 12    Int: 15    God:
Gold:   34         SH:  0    Dex: 14    Spells: 2/5 levels left

rFire   . . .      SeeInvis .   c - +0 whip
rCold   . . .      Faith    .   (no shield)
rNeg    . . .      Spirit   .   a - +0 robe
rPois   .          Reflect  .   (helmet restricted)
rElec   .          Harm     .   (no cloak)
rCorr   .          Rampage  .   (no gloves)
Will    .....                   (boots unavailable)
Stlth   ++........              (no amulet)
HPRegen 0.05/turn               (no ring)
MPRegen 0.10/turn               (no ring)

@: no status effects
A: beak, talons 3
a: no special abilities


You were on level 2 of the Dungeon.
You visited 1 branch of the dungeon, and saw 2 of its levels.

You collected 34 gold pieces.

Inventory:

Hand Weapons
 b - a +0 club
 c - a +0 whip (weapon)
Armour
 a - a +0 robe (worn)
Scrolls
 e - a scroll of torment {unknown}
Potions
 d - a potion of curing {unknown}
 f - a potion of invisibility {unknown}


   Skills:
 + Level 2.6 Dodging
 + Level 2.4 Stealth
 + Level 2.3 Spellcasting
 + Level 5.1 Summonings


You had 2 spell levels left.
You knew the following spells:

 Your Spells              Type           Power      Damage    Failure   Level
a - Summon Small Mammal   Summ           68%        N/A       2%          1
b - Call Imp              Summ           17%        N/A       4%          2

Your spell library contained the following spells:

 Spells                   Type           Power      Damage    Failure   Level
 Beastly Appendage        Tmut           2%         N/A       22%         1
 Wereblood                Tmut           1%         N/A       32%         2
 Call Canine Familiar     Summ           17%        N/A       8%          3
 Summon Guardian Golem    Hex/Summ       9%         N/A       22%         3
 Spider Form              Tmut/Pois      1%         N/A       54%         3
 Summon Lightning Spire   Summ/Air       9%         N/A       58%         4


Dungeon Overview and Level Annotations

Branches:
Dungeon (2/15)

Altars:

Annotations:
D:2 Jessica


Innate Abilities, Weirdness & Mutations

You have a beak for a mouth.
You have claws for feet.


Message History

No target in view!
No target in view!
You now have 34 gold pieces (gained 9).
You open the door.
Jessica the Apprentice Sorceress comes into view.
She is wielding a +0 dagger.
Jessica is nearby!
Jessica is nearby!
Casting: Summon Small Mammal (safe; 2% risk of failure)
Confirm with . or Enter, or press ? or * to list all spells.
A beastly little devil appears in a puff of flame.
Jessica shouts!
Jessica hits you with a +0 dagger.
You closely miss Jessica. You claw Jessica.
Jessica is lightly wounded.
Jessica hits you with a +0 dagger.
You are too injured to fight recklessly!
You are too injured to fight recklessly!
You are too injured to fight recklessly!
You are too injured to fight recklessly!
You are too injured to fight recklessly!
Casting: Call Imp (safe; 4% risk of failure)
Confirm with . or Enter, or press ? or * to list all spells.
Jessica drinks a potion.
Jessica seems to grow stronger.
Your crimson imp barely misses Jessica.
Jessica barely misses you.
Your crimson imp hits Jessica.
You hit Jessica.
Jessica is moderately wounded.
Jessica barely misses you.
Your crimson imp blinks!
You hit Jessica. You claw Jessica. You peck Jessica.
Jessica is almost dead.
Your quokka barely misses Jessica.
Jessica hits you with a +0 dagger.
Your quokka barely misses Jessica.
Unknown command.
Jessica gestures at you while chanting.
You barely resist. Your quokka misses Jessica.
Jessica points at you and mumbles some strange words.
Pain shoots through your body!
Ouch! That really hurt!
You die...

... ... ##### #.#
##...## #5# #
##.....## #.#
#.#.......###@##
#..<.......#..r##
#...............##
##...†..<..@.....##
#................#
#.................+
##......#.........#
##..#.###.......##
##.### ##.....##
#.# ##...## ##+##


You could see Jessica (strong, ally target), a friendly crimson imp (summoned)
and a friendly quokka (summoned).

Vanquished Creatures
  2 endoplasms (D:1)
  A giant cockroach (D:1)
  A goblin (D:1)
  A hobgoblin (D:1)
  2 jackals (D:1)
  3 kobolds (D:1)
  2 bats (D:1)
  2 rats
14 creatures vanquished.

Vanquished Creatures (collateral kills)
  A ball python (D:1)
  An endoplasm (D:1)
  A goblin (D:1)
  2 jackals (D:1)
5 creatures vanquished.

Grand Total: 19 creatures vanquished

Notes
Turn   | Place    | Note
-------+----------+-------------------------------------------
     0 | D:1      | kae the Tengu Summoner began the quest for the Orb.
     0 | D:1      | Reached XP level 1. HP: 10/10 MP: 4/4
   332 | D:1      | Reached XP level 2. HP: 8/15 MP: 6/6
   340 | D:1      | Learned a level 2 spell: Call Imp
   346 | D:1      | Reached skill level 5 in Summonings
  1138 | D:1      | Found a faded altar of an unknown god.
  1448 | D:2      | Noticed Jessica
  1457 | D:2      | Killed from afar by Jessica

Illustrated notes

Levels and vault maps discovered:
D:1:      dpeg_arrival_simpleton_b, layout_basic, ebering_ecumenical_altar_webs
D:2:      layout_loops_corners, minmay_puff, uniq_sigmund, uniq_natasha,
          uniq_jessica

Skill      XL: |  1  2 |
---------------+-------+-----
Summonings     | 5 |  5.1
Dodging        | |  2.6
Stealth        | |  2.4
Spellcasting   | |  2.3

Action                   || total
-------------------------++-------
Melee: Unarmed           ||    41
       Peck              ||     9
       Kick              ||    18
       Whip              ||    16
 Cast: Summon Small Mamm ||    10
       Call Imp          ||     3
  Use: Scroll            ||     2
 Stab: Sleeping          ||     1
Armor: Robe              ||     7
Dodge: Dodged            ||    46

Table legend: (Time is in decaauts)
 A = Elapsed time spent in this place.
 B = Non-inter-level travel time spent in this place.
 C = Inter-level travel time spent in this place.
 D = Time resting spent in this place.
 E = Time spent auto-exploring this place.
 F = Levels seen in this place.
 G = Mean time per level.
                   A        B        C        D        E       F      G
               +--------+--------+--------+--------+--------+-----+--------+
         Total |   1457 |   1397 |     60 |      0 |   1226 |   2 |  728.5 |
       Dungeon |   1457 |   1397 |     60 |      0 |   1226 |   2 |  728.5 |
               +--------+--------+--------+--------+--------+-----+--------+

Top non-repeatable levels by time:
     D:1: 1424 daAuts
     D:2: 33 daAuts
